Map: Newkirk Precinct TE (Void)

Players

Musumeci - Winner!

  • Race: Zerg Zerg
  • League: Diamond
  • Spawn Location: 5:00

MichyMoko

  • Race: Zerg Zerg
  • Spawn Location: 7:00

VOD

Have the link to the VOD?

Description

Time

  • Played on: March 13, 2017, 7:06 a.m.
  • Length: 15:10
Show
View Real Time Build Order
Export as new Build Order

Musumeci Zerg - Winner!

Build Orders: Hatch First 

Get SALT Encoding   

  12  0:01  Drone  
  13  0:08  Drone  
  14  0:17  Overlord  
  14  0:28  Drone, Extractor  
  15  0:38  Drone x2  
  17  0:57  Hatchery  
  16  1:04  Drone  
  16  1:07  Extractor  
  16  1:17  Spawning Pool  
  15  1:30  Drone x3  
  18  1:56  Drone x2  
  20  2:05  Queen  
  20  2:08  Queen  
  22  2:10  Metabolic Boost  
  22  2:12  Zergling x2  
  22  2:15  Zergling x2  
  26  2:24  Extractor  
  26  2:27  Overlord  
  26  2:29  Drone  
  26  2:31  Drone  
  26  2:35  Drone  
  29  2:45  Extractor  
  28  2:56  Drone x4  
  32  2:59  Roach Warren  
  30  3:19  Drone x2  
  33  3:20  Drone  
  33  3:24  Drone x3  
  36  3:27  Overlord x2  
  36  3:50  Roach x2  
  36  3:51  Roach x4  
  47  4:21  Drone x5  
  52  4:25  Lair, Extractor  
  51  4:32  Evolution Chamber  
  51  4:36  Hatchery  
  49  4:42  Evolution Chamber, Overlord  
  48  4:53  Drone x4  
  52  5:00  Overlord  
  52  5:01  Overlord  
  52  5:06  Roach x3  
  58  5:22  Zerg Missile Weapons Level 1  
  58  5:23  Zerg Ground Armor Level 1, Extractor x2  
  58  5:26  Drone x2  
  58  5:27  Drone x2  
  58  5:28  Drone x2  
  62  5:29  Hatchery  
  62  5:35  Drone  
  62  5:40  Overseer  
  62  6:10  Drone x6  
  68  6:13  Glial Reconstitution  
  68  6:38  Drone x3  
  68  6:39  Drone  
  72  6:40  Overlord x2  
  72  6:41  Overlord  
  72  6:43  Extractor  
  72  6:45  Extractor  
  72  6:46  Roach x2  
  74  6:48  Overlord  
  74  7:00  Roach x10  
  94  7:02  Queen  
  96  7:18  Zerg Missile Weapons Level 2  
  96  7:20  Roach x5  
  96  7:21  Overlord  
  96  7:22  Overlord x3  
  100  7:48  Roach x8  
  100  7:49  Roach x3  
  122  8:03  Roach x6  
  110  8:17  Roach  
  110  8:18  Roach x3  
  106  8:23  Hydralisk Den  
  106  8:24  Spore Crawler  
  106  8:25  Spore Crawler  
  95  8:27  Drone x5, Spore Crawler  
  95  8:32  Roach x2  
  101  8:34  Ravager  
  101  8:35  Ravager x3  
  101  8:37  Ravager  
  99  8:51  Ravager x3  
  99  8:55  Ravager  
  101  8:56  Ravager  
  101  9:00  Roach x3  
  106  9:15  Roach x6  
  93  9:24  Hydralisk x2  
  94  9:34  Hydralisk  
  94  9:35  Hydralisk  
  98  9:40  Drone x2  
  98  9:41  Drone x2  
  98  9:42  Drone x5  
  107  9:50  Drone  
  106  10:01  Hydralisk x8  
  117  10:17  Hydralisk x5  
  127  10:28  Overlord  
  127  10:29  Overlord x3  
  127  10:33  Ravager  
  127  10:34  Ravager  
  129  10:36  Ravager  
  129  10:38  Ravager  
  129  10:39  Hatchery  
  99  11:03  Roach  
  99  11:04  Roach x14  
  106  11:10  Muscular Augments  
  84  11:40  Roach  
  84  11:41  Roach x12  
  110  11:52  Zerg Ground Armor Level 2  
  110  11:55  Roach x4  
  118  12:10  Hatchery  
  118  12:12  Zergling x10  
  122  12:19  Roach  
  122  12:20  Roach  
  122  12:21  Overseer  
  126  12:28  Burrow, Tunneling Claws  
  126  12:32  Ravager  
  126  12:33  Ravager  
  126  12:34  Ravager  
  122  13:07  Roach x15  
  148  13:25  Zergling x8  
  148  13:26  Zergling x6  
  155  13:29  Roach  
  155  13:30  Roach x3  
  155  13:32  Ravager x5  
  168  13:43  Extractor  
  168  13:48  Extractor  
  147  14:09  Roach x16  
  147  14:10  Roach x3  
  147  14:11  Roach x7  
  147  14:12  Ravager  
  168  14:19  Overlord  
  168  14:20  Overlord x2  
  161  14:34  Roach  
  161  14:36  Roach x14  
  161  14:37  Roach x3  
  161  14:38  Roach x2  
  161  14:40  Roach  
  161  14:41  Roach  
  161  14:42  Roach x2  
  161  14:43  Roach x3  
  161  14:44  Roach x9  
  161  14:45  Roach x3  
Show
View Real Time Build Order
Export as new Build Order

MichyMoko Zerg 

Build Orders: Pool First 

Get SALT Encoding   

  12  0:02  Drone  
  13  0:13  Overlord  
  13  0:18  Drone  
  14  0:31  Drone x2  
  14  0:35  Drone  
  17  0:46  Spawning Pool  
  16  0:50  Drone  
  16  0:52  Extractor  
  16  0:56  Drone  
  17  1:46  Hatchery  
  16  1:56  Drone x2  
  16  1:58  Queen  
  16  1:59  Zergling x2  
  21  2:09  Overlord  
  21  2:26  Zergling x2  
  22  2:33  Drone  
  22  2:37  Queen  
  23  2:42  Roach Warren  
  23  2:43  Drone  
  26  2:51  Zergling x2  
  26  2:59  Zergling x2  
  26  3:28  Drone x6  
  26  3:33  Metabolic Boost  
  32  3:38  Zergling x4  
  32  3:39  Drone x2  
  36  3:43  Overlord x2  
  36  4:01  Queen  
  38  4:15  Drone x2  
  38  4:16  Drone x6  
  45  4:27  Extractor  
  44  4:37  Drone x2  
  46  4:39  Lair  
  46  4:46  Drone x2  
  46  4:49  Roach  
  46  4:50  Roach  
  52  5:04  Overlord x3  
  51  5:25  Roach x2  
  51  5:26  Roach x3  
  61  5:38  Overlord  
  61  5:39  Roach  
  61  5:40  Roach x5  
  61  5:41  Glial Reconstitution  
  61  5:42  Hatchery  
  72  5:47  Extractor  
  72  5:48  Extractor  
  70  5:56  Overlord  
  70  5:57  Overlord  
  70  6:00  Unknown  
  70  6:10  Roach x6  
  82  6:33  Ravager  
  82  6:34  Ravager  
  86  6:47  Roach x7  
  98  7:06  Spire  
  97  7:08  Drone  
  97  7:09  Drone x7  
  97  7:11  Overlord  
  105  7:20  Overlord x2  
  105  7:31  Extractor  
  105  7:36  Extractor  
  99  7:51  Roach  
  99  7:52  Roach x11  
  101  8:35  Mutalisk x2  
  101  8:36  Mutalisk x3  
  109  8:59  Roach x8  
  109  9:00  Roach x2  
  100  9:18  Roach  
  100  9:19  Roach x11  
  103  9:29  Roach x6  
  111  9:35  Roach  
  111  9:36  Roach x2  
  117  9:51  Ravager x2  
  117  9:52  Ravager  
  114  10:14  Ravager  
  114  10:15  Ravager x4  
  114  10:17  Drone x2  
  114  10:18  Drone  
  114  10:20  Overlord x2  
  122  10:26  Overlord  
  122  10:27  Overlord  
  122  10:33  Evolution Chamber  
  122  10:34  Drone x2, Evolution Chamber  
  122  10:35  Hatchery  
  121  10:37  Drone  
  121  10:40  Drone  
  110  10:58  Roach x7  
  116  11:07  Roach x3  
  124  11:18  Roach  
  124  11:19  Roach x2  
  123  11:28  Roach  
  123  11:29  Roach x2  
  81  11:50  Drone  
  81  11:51  Drone x5  
  87  11:55  Queen  
  89  12:06  Roach x6  
  101  12:17  Zerg Missile Weapons Level 1  
  101  12:18  Zerg Ground Armor Level 1  
  101  12:23  Ravager x2  
  101  12:24  Ravager x7  
  101  12:25  Ravager  
  101  12:29  Ravager x4  
  112  12:49  Unknown  
  98  13:07  Zergling x2  
  98  13:08  Zergling x40  
  116  13:28  Roach  
  116  13:29  Roach x4  
  105  13:57  Extractor  
  105  14:00  Extractor  
  70  14:05  Roach x9  
  61  14:40  Hatchery  
  61  14:42  Ravager x2  
  61  14:43  Ravager x3  
  65  14:51  Overlord  
Tags
 
Add a new tag
Caveats
  • Supply blocks, unpowered buildings, or Contaminate may cause inaccurate times.
  • Supply counts are checked every 10 seconds.